 Dungeon Crawl Stone Soup version 0.26-a0-639-g72c4674329 (webtiles) character file.

Game seed: 2411790635515930689

4680 Borgoz the Cruncher (level 10, -2/94 HPs)
             Began as a Gargoyle Gladiator on Sept 18, 2020.
             Was a Believer of Ashenzari.
             Slain by a steam dragon (4 damage)
             ... on level 8 of the Dungeon.
             The game lasted 00:12:49 (8720 turns).

Borgoz the Cruncher (Gargoyle Gladiator)            Turns: 8720, Time: 00:12:50

Health: -2/94      AC: 17    Str: 18    XL:     10   Next: 44%
Magic:  10/10      EV: 19    Int:  9    God:    Ashenzari [**....]
Gold:   512        SH:  0    Dex: 14    Spells: 9/9 levels left

rFire    . . .     SeeInvis .   a - +0 quarterstaff (curse)
rCold    . . .     Faith    .   (shield currently unavailable)
rNeg     + . .     Spirit   .   p - +2 ring mail {MR+} (curse)
rPois    ∞         Reflect  .   c - +0 helmet (curse)
rElec    +         Harm     .   (no cloak)
rCorr    .         Rampage  .   (no gloves)
MR       +....                  (no boots)
Stlth    ..........             (no amulet)
HPRegen  0.25/turn              r - +4 ring of evasion
MPRegen  0.12/turn              (no ring)

@: berserking (expiring), very quick
A: negative energy resistance 1, electricity resistance, unbreathing,
petrification resistance, rot immunity, AC +7
a: Curse Item, Scrying, Renounce Religion


You were on level 8 of the Dungeon.
You worshipped Ashenzari.
Ashenzari was pleased with you.
You visited 2 branches of the dungeon, and saw 9 of its levels.

You collected 512 gold pieces.

Inventory:

Hand Weapons
 a - a cursed +0 quarterstaff (weapon)
Armour
 c - a cursed +0 helmet (worn)
 m - a +2 scale mail of cold resistance
 p - a cursed +2 ring mail of magic resistance (worn)
Jewellery
 r - a +4 ring of evasion (left hand)
 A - an uncursed amulet of reflection
Wands
 d - a wand of acid (3)
 y - a wand of polymorph (9)
Scrolls
 b - 3 scrolls of remove curse
 f - 3 scrolls of magic mapping {unknown}
 i - 2 scrolls of amnesia
 k - 4 scrolls of blinking {unknown}
 s - a scroll of enchant armour
 t - a scroll of teleportation
 w - a scroll of summoning
 x - a scroll of enchant weapon {unknown}
Potions
 g - 4 potions of stabbing
 h - a potion of flight
 j - a potion of lignification
 n - 2 potions of mutation
 q - a potion of might
 v - a potion of resistance
 z - a potion of brilliance


   Skills:
 + Level 7.1 Fighting
 + Level 9.2(12.1) Staves
 - Level 1.7 Throwing
 + Level 6.7 Armour
 + Level 7.6 Dodging


You had 9 spell levels left.
You didn't know any spells.
Your spell library contained the following spells:

 Spells                   Type           Power        Failure   Level
 Corona                   Hex            #......      56%         1
 Magic Dart               Conj           #...         56%         1
 Ensorcelled Hibernation  Hex/Ice        #.....       71%         2
 Searing Ray              Conj           #.....       71%         2
 Confusing Touch          Hex            #.......     90%         3
 Dazzling Flash           Conj/Hex       #.....       90%         3
 Tukima's Dance           Hex            #.......     90%         3
 Fulminant Prism          Conj/Hex       #.........   100%        4
 Iskenderun's Mystic Bla  Conj/Tloc      #.......     100%        4


Dungeon Overview and Level Annotations

Branches:
Dungeon (8/15)             Temple (1/1) D:5
   Lair: D:8-11

Altars:
Ashenzari
Cheibriados
Dithmenos
Elyvilon
Fedhas
Gozag
Hepliaklqana
Kikubaaqudgha
Makhleb
Nemelex Xobeh
Qazlal
Ru
Sif Muna
Trog
Uskayaw
Vehumet
Xom
Zin
The Shining One
Lugonu

Shops:
D:4 [[   D:7 ?

Annotations:
D:8 2 runed translucent doors


Innate Abilities, Weirdness & Mutations

You are resistant to torment.
Your stone body is resilient. (AC +7)
You are immune to poison.
You resist negative energy. (rN+)
You are resistant to electric shocks. (rElec)
You can survive without breathing.
You are immune to petrification.
You are immune to rotting.


Message History

The steam dragon is severely wounded.
You are engulfed in a cloud of scalding steam.
The steam dragon closely misses you.
The steam dragon claws you but does no damage.
You feel a strong urge to attack something.
The steam dragon bites you.
* * * LOW HITPOINT WARNING * * *
The steam dragon completely misses you. The steam dragon breathes steam at you.
The ball of steam misses you.
You closely miss the steam dragon.
The steam dragon is severely wounded.
You are engulfed in a cloud of scalding steam.
The steam dragon barely misses you. The steam dragon closely misses you.
You hit the steam dragon.
The steam dragon is severely wounded.
You completely miss the steam dragon.
The steam dragon is severely wounded.
The steam dragon bites you.
You die...

.................# * *
......#+#.#..#### , ##, * ..
*#.....#.........# ,,≈# ##.
#.....#.#.##..#.# ,.≈# , ..
#.....#.#.###...####§≈#. #####.
#.....#.#.# #.###.§§§≈#.##.....
###.....#.#.#
#..#...§§##.....##.
........#.#.#
#.....⌠.≈#...)...#.
........#.#.#
#§@#...≈≈#.#.......
...†..).....#
#.D##.≈≈##.......#.
......()(...#
#...#####........#.
..######....#
#.#.......#......#. ..* #....#
#.######>........#. #,
#####....# #..............#.#.
..........######+####<##...#.#.
....................#.##)..#.#.
#######Y...#####.....#.##...#...


You could see a steam dragon.

Vanquished Creatures
  Pikel (D:3)
  A cyclops (D:8)
  Prince Ribbit (D:7)
  A hornet (D:7)
  A hippogriff (D:8)
  A yak (D:8)
  Eustachio (D:4)
  2 steam dragons (D:8)
  2 ice beasts
  2 sky beasts
  3 orc warriors
  2 phantoms (D:7)
  5 ogres
  A centaur (D:7)
  3 lemures (D:3)
  4 bullfrogs
  2 scorpions
  A water moccasin skeleton (D:7)
  3 hounds
  2 orc priests
  2 bullfrog zombies
  A jelly (D:7)
  7 orc wizards
  An iguana (D:7)
  9 worker ants
  A killer bee zombie (D:7)
  A hound skeleton (D:4)
  3 worker ant zombies (D:6)
  3 gnolls (D:7)
  7 adders
  A white imp (D:3)
  An ufetubus (D:7)
  An ooze (D:6)
  An adder skeleton (D:7)
  5 worms
  A dart slug (D:2)
  7 leopard geckos
  25 orcs
  3 ball pythons
  7 bats
  A giant cockroach (D:7)
  3 goblins
  8 hobgoblins
  13 jackals
  7 quokkas
  A ball python zombie (D:5)
  10 frilled lizards
  A jackal skeleton (D:4)
  5 kobolds
  A leopard gecko zombie (D:6)
  A quokka skeleton (D:8)
  A quokka zombie (D:5)
  10 rats
188 creatures vanquished.

Notes
Turn   | Place    | Note
-------+----------+-------------------------------------------
     0 | D:1      | Borgoz the Gargoyle Gladiator began the quest for the Orb.
     0 | D:1      | Reached XP level 1. HP: 12/12 MP: 1/1
   173 | D:1      | Reached XP level 2. HP: 14/17 MP: 2/2
   402 | D:1      | Reached skill level 1 in Armour
   416 | D:1      | Reached XP level 3. HP: 18/22 MP: 3/3
   848 | D:2      | Found a faded altar of an unknown god.
   973 | D:2      | Reached XP level 4. HP: 27/27 MP: 4/4
  1402 | D:3      | Found a blossoming altar of Fedhas.
  2108 | D:3      | Found a hide-covered altar of Uskayaw.
  2118 | D:3      | Reached skill level 4 in Staves
  2128 | D:3      | Reached XP level 5. HP: 15/32 MP: 5/5
  2659 | D:4      | Noticed a lemure
  2659 | D:4      | Noticed a lemure
  2659 | D:4      | Noticed a lemure
  2843 | D:4      | Noticed Pikel
  2844 | D:4      | Noticed a lemure
  2872 | D:3      | Killed a lemure
  2876 | D:3      | Killed a lemure
  2882 | D:3      | Killed a lemure
  3031 | D:3      | Killed Pikel
  3031 | D:3      | Reached skill level 5 in Staves
  3031 | D:3      | Reached XP level 6. HP: 38/38 MP: 6/6
  3031 | D:3      | Reached XP level 7. HP: 43/43 MP: 7/7
  3154 | D:4      | Found Loih's Armour Shoppe.
  3289 | D:4      | Noticed Eustachio
  3321 | D:4      | Killed Eustachio
  3321 | D:4      | Reached XP level 8. HP: 33/48 MP: 8/8
  3411 | D:4      | Found a white marble altar of Elyvilon.
  3460 | D:4      | Reached skill level 6 in Staves
  3839 | D:4      | Found Bede's Antique Armour Emporium.
  3905 | D:5      | Entered Level 5 of the Dungeon
  3918 | D:5      | Found a burning altar of Makhleb.
  3925 | D:5      | Reached skill level 5 in Dodging
  4000 | D:5      | Found a staircase to the Ecumenical Temple.
  4232 | Temple   | Entered the Ecumenical Temple
  4284 | Temple   | Became a worshipper of Ashenzari the Shackled
  4610 | D:5      | Found a stormy altar of Qazlal.
  4612 | D:5      | Noticed a water elemental
  4613 | D:5      | Noticed an air elemental
  5123 | D:6      | Found a glowing golden altar of the Shining One.
  5133 | D:6      | Reached skill level 5 in Fighting
  5283 | D:6      | Reached skill level 7 in Staves
  5351 | D:6      | Reached XP level 9. HP: 38/54 MP: 9/9
  5667 | D:6      | Reached * piety under Ashenzari
  6177 | D:7      | Noticed a hornet
  6200 | D:6      | Reached skill level 5 in Armour
  6382 | D:7      | Killed a hornet
  6656 | D:7      | Identified the +3 dagger "Raliac" {speed, SInv}
  6732 | D:7      | Found Zinaddau's Magic Scroll Shoppe.
  6743 | D:7      | Reached skill level 8 in Staves
  7007 | D:7      | Noticed Prince Ribbit
  7022 | D:7      | Killed Prince Ribbit
  7339 | D:7      | HP: 1/55 [orc warrior/+0 war axe (6)]
  7408 | D:7      | Reached XP level 10. HP: 30/61 MP: 10/10
  7839 | D:7      | Found a shadowy altar of Dithmenos.
  7950 | D:7      | Found a shimmering altar of Xom.
  7951 | D:7      | Found a hazy altar of Hepliaklqana.
  7952 | D:7      | Noticed a spectral ugly thing
  8059 | D:7      | Found a shimmering blue altar of Sif Muna.
  8164 | D:8      | Reached ** piety under Ashenzari
  8269 | D:8      | Found a large runed translucent door.
  8269 | D:8      | Noticed a cyclops
  8278 | D:8      | Found a large runed translucent door.
  8373 | D:8      | Reached skill level 9 in Staves
  8458 | D:8      | Killed a cyclops
  8706 | D:8      | HP: 1/63 [steam dragon/ball of steam (23)]
  8715 | D:8      | HP: 1/94 [steam dragon (4)]
  8720 | D:8      | Slain by a steam dragon

Illustrated notes

Levels and vault maps discovered:
D:1:      dpeg_arrival_simpleton_a, layout_basic, dk_noncrumbling_4
D:2:      layout_loops_cross, chequers_ecumenical_altar_simple
D:3:      layout_loops_corners, old_standard_altar, fedhas_altar_3,
          glass_columns_c, minivault_19, grunt_decor_arrowhead,
          grunt_ministairs_13
D:4:      layout_gridville, elyvilon_altar_5, serial_shops,
          nicolae_shop_competitors_out_of_business, kennysheep_mini_moat,
          uniq_pikel, uniq_eustachio
D:5:      layout_loops_ring, nicolae_qazlal_style_of_elements,
          old_standard_altar, minmay_temple_entry_statues_fountains,
          chequers_serial_rivers_large_a, kennysheep_generic_room_3
D:6:      layout_layer_cave, nicolae_overflow_hidden_temple
D:7:      layout_loops_corners, regret_index_temple_of_mockery,
          lemuel_doored_altar, grunt_dithmenos_shadows, serial_shops,
          nicolae_shop_waterfront, kennysheep_generic_room_16,
          uniq_prince_ribbit1
D:8:      cheibrodos_steamvent, layout_basic, nicolae_overflow_crystal_walls,
          dk_vineyard_3, jmf_multi_god_temple2
Temple:   corrupted_temple

Skill      XL: |  1  2  3  4  5  6  7  8  9 10 |
---------------+-------------------------------+-----
Armour         | 1 3 4 5 6 |  6.7
Dodging        | 3 4 5 7 |  7.6
Staves         | 4 5 7 8 9 |  9.2
Fighting       | 3 4 5 6 7 |  7.1
Throwing       | |  1.7

Action                   |  1- 3 |  4- 6 |  7- 9 | 10-12 || total
-------------------------+-------+-------+-------+-------++-------
Melee: Quarterstaff      |   125 |   146 |   490 |   133 ||   894
Throw: Throwing net      |       |     3 |     3 |       ||     6
Invok: Curse Item        |       |       |     3 |       ||     3
Evoke: Wand              |       |       |     2 |     4 ||     6
  Use: Scroll            |       |     4 |    11 |     4 ||    19
       Potion            |       |     3 |     4 |     4 ||    11
 Stab: Held in net/web   |       |       |     3 |       ||     3
       Invisible         |       |       |     1 |       ||     1
Armor: Leather armour    |     7 |       |       |       ||     7
       Ring mail         |    48 |    49 |    42 |    41 ||   180
       Scale mail        |       |    32 |   127 |       ||   159
Dodge: Dodged            |    99 |   103 |   374 |   101 ||   677

Table legend: (Time is in decaauts)
 A = Elapsed time spent in this place.
 B = Non-inter-level travel time spent in this place.
 C = Inter-level travel time spent in this place.
 D = Time resting spent in this place.
 E = Time spent auto-exploring this place.
 F = Levels seen in this place.
 G = Mean time per level.
                   A        B        C        D        E       F      G
               +--------+--------+--------+--------+--------+-----+--------+
         Total |   8700 |   8471 |    229 |   1624 |   5230 |   9 |  966.7 |
       Dungeon |   8633 |   8418 |    215 |   1624 |   5202 |   8 | 1079.1 |
        Temple |     67 |     53 |     14 |      0 |     28 |   1 |   67.0 |
               +--------+--------+--------+--------+--------+-----+--------+

Top non-repeatable levels by time:
     D:7: 1794 daAuts
     D:3: 1752 daAuts
     D:6: 1213 daAuts
     D:5: 1159 daAuts
     D:1: 810 daAuts
     D:4: 765 daAuts
     D:2: 611 daAuts
     D:8: 526 daAuts
  Temple: 67 daAuts
